 Dungeon Crawl Stone Soup version 0.30-a0-140-gd1020e658a (webtiles) character file.

Game seed: 4625018478079560140

282 qw the Shield-Bearer (level 6, -3/37 HPs)
             Began as a Gargoyle Fighter on Sept 24, 2022.
             Slain by a gnoll
             ... wielding a +0 halberd
             ... led by a gnoll bouda
              (10 damage)
             ... on level 4 of the Dungeon.
             The game lasted 00:01:21 (3211 turns).

qw the Shield-Bearer (Gargoyle Fighter)             Turns: 3211, Time: 00:01:21

Health: -3/37      AC: 15    Str: 22    XL:     6   Next: 28%
Magic:  6/6        EV:  6    Int:  8    God:
Gold:   753        SH:  8    Dex:  9    Spells: 5/5 levels left

rFire   . . .      SeeInvis +    Y - +0 war axe
rCold   + . .      Faith    .    k - +0 kite shield
rNeg    + . .      Spirit   .    h - +0 chain mail
rPois   inf        Reflect  .    j - +0 helmet
rElec   +          Harm     .    m - +0 cloak
rCorr   .          Rampage  .    (no gloves)
Will    .....                    (no boots)
Stlth   ..........               (no amulet)
HPRegen 0.12/turn                g - ring of see invisible
MPRegen 0.10/turn                f - ring of protection from cold

@: about to teleport
A: sickness immunity, AC +4, negative energy resistance 1, electricity
resistance, torment resistance 1, petrification resistance
a: no special abilities


You were on level 4 of the Dungeon.
You visited 1 branch of the dungeon, and saw 4 of its levels.

You collected 798 gold pieces.
You spent 45 gold pieces at shops.


Innate Abilities, Weirdness & Mutations

You are immune to sickness and miasma.
Your stone body is resilient. (AC +4)
You are immune to poison.
You resist negative energy. (rN+)
You are resistant to electric shocks. (rElec)
You are resistant to unholy torment.
You are immune to petrification.


   Skills:
 - Level 3.2 Fighting
 + Level 4.9 Axes
 - Level 3.2 Armour
 - Level 5.0 Shields


You had 5 spell levels left.
You didn't know any spells.
Your spell library was empty.

Inventory:

Hand Weapons
 b - a +0 mace
 Y - a +0 war axe (weapon)
Missiles
 n - 3 boomerangs (quivered)
Armour
 h - a +0 chain mail (worn)
 j - a +0 helmet (worn)
 k - a +0 kite shield (worn)
 m - a +0 cloak (worn)
Jewellery
 c - a ring of positive energy
 f - a ring of protection from cold (right hand)
 g - a ring of see invisible (left hand)
 p - a ring of ice
Scrolls
 o - a scroll of identify
Potions
 a - a potion of lignification {unknown}
 d - 2 potions of might
 i - a potion of curing {unknown}
 l - a potion of attraction {unknown}
 q - a potion of heal wounds {unknown}
 s - a potion of flight {unknown}

Dungeon Overview and Level Annotations

Branches:
Dungeon (4/15)
 Temple: D:4-7

Altars:
Sif Muna

Shops:
D:1 [


Message History

The gnoll bouda is heavily wounded.
You slash the gnoll!
The gnoll bouda hits you with a +0 whip.
You block the gnoll's attack. x2
The gnoll bouda gazes fiercely through you!
You feel your attacks grow feeble. The gnoll bouda barely misses you.
The gnoll hits you but does no damage.
You barely miss the gnoll.
The gnoll is severely wounded.
You hit the gnoll bouda but do no damage.
You barely miss the gnoll. The gnoll hits you but does no damage.
The gnoll bouda barely misses you. You block the gnoll's attack.
The gnoll barely misses you. The gnoll completely misses you.
The gnoll hits you but does no damage.
You slash the gnoll!
You kill the gnoll!
You barely miss the gnoll bouda. You slash the gnoll!
You barely miss the gnoll. The gnoll bouda barely misses you.
The gnoll hits you but does no damage. x2
The gnoll closely misses you.
The gnoll bouda hits you with a +0 whip!
You slash the gnoll bouda!
The gnoll bouda is almost dead.
You hit the gnoll. You hit the gnoll but do no damage.
The gnoll hits you but does no damage. You block the gnoll's attack.
The gnoll hits you from afar with a +0 halberd!
The gnoll bouda hits you but does no damage.
The gnoll barely misses you.
3210 ||| READING scroll of teleportation.
As you read the scroll of teleportation, it crumbles to dust.
You feel strangely unstable. You block the gnoll's attack. x2
The gnoll bouda calls upon its god to heal the gnoll.
The gnoll is healed somewhat.
The gnoll closely misses you.
You slash the gnoll bouda!
You kill the gnoll bouda!
You hit the gnoll. x2
Your attacks no longer feel as feeble.
The gnoll is no longer moving quickly.
You block the gnoll's attack.
The gnoll hits you from afar with a +0 halberd!
You die...

..... .g.
####'# #..#.#
###..#.#
#....#.######
#....g......#
#...))..)...#
#...@g......#
#..<%g......#
#...........#
#...........#
#....###+####
#(...# ###...
####


You could see 3 gnolls.

Vanquished Creatures
  A gnoll bouda (D:4)
  Ijyb (D:3)
  Terence (D:2)
  2 orc wizards (D:3)
  Robin (D:2)
  4 gnolls
  5 adders
  A worm (D:2)
  A dart slug (D:2)
  4 orcs (D:3)
  4 endoplasms
  5 giant cockroaches
  6 goblins
  12 hobgoblins
  5 jackals (D:3)
  A quokka (D:2)
  8 ball pythons
  5 bats
  5 frilled lizards
  5 kobolds
  5 rats
82 creatures vanquished.

Vanquished Creatures (others)
  A jackal (D:3)
1 creature vanquished.

Grand Total: 83 creatures vanquished

Notes
Turn   | Place    | Note
-------+----------+-------------------------------------------
     0 | D:1      | qw the Gargoyle Fighter began the quest for the Orb.
     0 | D:1      | Reached XP level 1. HP: 14/14 MP: 1/1
     0 | D:1      | 0 ||| qw: Version: 0.1.0-9-gbc19398
     0 | D:1      | 0 ||| qw: Game counter: 22
     0 | D:1      | 0 ||| qw: Always use a shield: true
     0 | D:1      | 0 ||| qw: God list: Okawaru
     0 | D:1      | 0 ||| qw: Allow faded altars: false
     0 | D:1      | 0 ||| qw: Do Orc after D:15 true
     0 | D:1      | 0 ||| qw: Do second Lair branch before Depths: true
     0 | D:1      | 0 ||| qw: Lair rune preference: random
     0 | D:1      | 0 ||| qw: Plans: Normal, Zot:1-4, God:TSO, Crypt, Tomb,
                  | Pan, Slime:5, Hells, Abyss, Orb
     0 | D:1      | 0 ||| PLANNING D:1-11
   129 | D:1      | 129 ||| Stepping ~*~*~tactically~*~*~ (stealth).
   339 | D:1      | Reached XP level 2. HP: 19/19 MP: 2/2
   442 | D:1      | Found Bahafo's Armour Boutique.
   462 | D:1      | 462 ||| BUYING +0 kite shield (45 gold).
   462 | D:1      | Bought a +0 kite shield for 45 gold pieces
   462 | D:1      | 462 ||| SHOPLISTING +0 mask of the Dragon {Will+ Slay+3
                  | SInv} (334 gold, have 1).
   462 | D:1      | 462 ||| SHOPLISTING +0 plate armour (230 gold, have 1).
   462 | D:1      | 462 ||| SHOPLISTING +1 ring mail of fire resistance (160
                  | gold, have 1).
   462 | D:1      | 462 ||| SHOPLISTING +10 plate armour of ponderousness (500
                  | gold, have 1).
   497 | D:1      | Found a faded altar of an unknown god.
   765 | D:1      | 765 ||| UPGRADING to +0 chain mail.
   775 | D:1      | 775 ||| DROPPING +0 scale mail.
   776 | D:1      | 776 ||| UPGRADING to +0 kite shield.
   786 | D:1      | 786 ||| DROPPING +0 buckler.
   787 | D:1      | 787 ||| UPGRADING to ring of protection from cold.
   788 | D:1      | 788 ||| UPGRADING to ring of positive energy.
   789 | D:1      | 789 ||| READING 4 scrolls labelled REMUEGI PIFIUBLEU.
   794 | D:1      | 794 ||| READING scroll labelled NOEKOE NIMEM.
   794 | D:1      | Identified a scroll of acquirement
   794 | D:1      | 794 ||| ACQUIRING 585 gold pieces
   794 | D:1      | Acquired 585 gold pieces
   796 | D:1      | 796 ||| READING scroll labelled NEPOITYUDE.
   797 | D:1      | 797 ||| READING scroll labelled HESHRY HAALAVE.
   864 | D:2      | Noticed Terence
   873 | D:2      | Killed Terence
   874 | D:2      | Reached skill level 3 in Axes
   874 | D:2      | Reached XP level 3. HP: 22/23 MP: 3/3
   906 | D:2      | Noticed Robin
   907 | D:2      | 907 ||| Stepping ~*~*~tactically~*~*~ (hiding).
   920 | D:2      | HP: 1/23 [Robin/+0 mace (5)]
   921 | D:2      | 921 ||| READING 3 scrolls of teleportation.
   924 | D:2      | 924 ||| READING 2 scrolls of teleportation.
   930 | D:2      | 930 ||| READING scroll of teleportation.
   933 | D:2      | HP: 1/23 [bat (1)]
  1071 | D:2      | 1071 ||| FLEEEEING.
  1074 | D:2      | 1074 ||| STAIRDANCE
  1232 | D:1      | 1232 ||| DROPPING +0 club.
  1251 | D:2      | Reached XP level 4. HP: 28/28 MP: 4/4
  1258 | D:2      | 1258 ||| Stepping randomly (stuck).
  1259 | D:2      | 1259 ||| Stepping randomly (stuck).
  1262 | D:2      | Reached skill level 4 in Shields
  1591 | D:2      | Found a shimmering blue altar of Sif Muna.
  1618 | D:2      | 1618 ||| Stepping ~*~*~tactically~*~*~ (hiding).
  1621 | D:2      | 1621 ||| Stepping ~*~*~tactically~*~*~ (hiding).
  1634 | D:2      | Killed Robin
  1756 | D:2      | 1756 ||| Stepping ~*~*~tactically~*~*~ (stealth).
  1942 | D:2      | 1942 ||| Stepping ~*~*~tactically~*~*~ (stealth).
  1944 | D:2      | 1944 ||| Stepping ~*~*~tactically~*~*~ (stealth).
  1970 | D:2      | 1970 ||| Stepping ~*~*~tactically~*~*~ (stealth).
  1976 | D:2      | Reached XP level 5. HP: 31/32 MP: 5/5
  2143 | D:2      | 2143 ||| UPGRADING to +0 helmet.
  2148 | D:2      | 2148 ||| UPGRADING to +0 cloak.
  2153 | D:2      | 2153 ||| UPGRADING to ring of see invisible.
  2155 | D:2      | 2155 ||| UPGRADING to ring of protection from cold.
  2157 | D:2      | 2157 ||| READING scroll labelled DEINGOBB ZISUBB.
  2158 | D:2      | 2158 ||| READING scroll labelled GYJOR UQAG.
  2306 | D:3      | 2306 ||| Stepping ~*~*~tactically~*~*~ (hiding).
  2490 | D:3      | Reached skill level 5 in Shields
  2528 | D:3      | 2528 ||| Stepping ~*~*~tactically~*~*~ (stealth).
  2530 | D:3      | Noticed Ijyb
  2553 | D:3      | Killed Ijyb
  2708 | D:3      | Reached XP level 6. HP: 35/37 MP: 6/6
  2954 | D:3      | 2954 ||| Stepping ~*~*~tactically~*~*~ (hiding).
  3068 | D:3      | 3068 ||| READING scroll labelled PIDDUENWAI.
  3069 | D:3      | 3069 ||| READING scroll labelled MOIRPH YPHYUPO.
  3190 | D:4      | 3190 ||| FLEEEEING.
  3191 | D:4      | 3191 ||| FLEEEEING.
  3192 | D:4      | 3192 ||| FLEEEEING.
  3193 | D:4      | 3193 ||| FLEEEEING.
  3196 | D:4      | 3196 ||| STAIRDANCE
  3209 | D:4      | HP: 7/37 [gnoll/+0 halberd[a gnoll bouda] (7)]
  3210 | D:4      | 3210 ||| READING scroll of teleportation.
  3211 | D:4      | Slain by a gnoll

Levels and vault maps discovered:
D:1:      dpeg_arrival_solitude, layout_rooms,
          hellmonk_ecumenical_altar_zigzags, serial_shops, shop,
          serial_park_tiny_pond, chequers_serial_rivers_small_b,
          minmay_curled_crystal, chequers_serial_rivers_micro_d
D:2:      layout_loops_cross, basic_altar, item_on_display_a, uniq_robin,
          uniq_terence
D:3:      layout_basic, minmay_misc_feat_five, uniq_ijyb
D:4:      layout_basic, grunt_qazlal_sundering, uniq_duvessa

Skill      XL: |  1  2  3  4  5 |
---------------+----------------+-----
Axes           | 2 3 4 |  4.9
Shields        | 4 5 |  5.0
Fighting       | |  3.2
Armour         | |  3.2

Action                   |  1- 3 |  4- 6 || total
-------------------------+-------+-------++-------
Melee: War axe           |    74 |   201 ||   275
Throw: Boomerang         |       |    27 ||    27
  Use: Scroll            |     7 |     5 ||    12
Armor: Scale mail        |     7 |       ||     7
       Chain mail        |    26 |   118 ||   144
Dodge: Dodged            |    22 |    59 ||    81
Block: Buckler           |     6 |       ||     6
       Kite shield       |    28 |    80 ||   108

Table legend:
 A = Non-vault XP
 B = Vault XP
 C = Vault XP percentage of total XP
 D = Non-vault monster count
 E = Vault monster count
 F = Vault count percentage of total count
                 A         B        C        D         E       F
            +---------+---------+-------+---------+---------+-------
      Total |     345 |     100 |  22.5 |      73 |       9 |  11.0
            +---------+---------+-------+---------+---------+-------
        D:1 |      19 |       0 |   0.0 |      12 |       0 |   0.0
        D:2 |      84 |      64 |  43.2 |      28 |       8 |  22.2
        D:3 |     184 |      36 |  16.4 |      30 |       1 |   3.2
        D:4 |      58 |       0 |   0.0 |       3 |       0 |   0.0
            +---------+---------+-------+---------+---------+-------
